 Dungeon Crawl Stone Soup version 0.21-a0-529-g8c7b3f5 (webtiles) character file.

44 slep the Chopper (level 3, 0/27 HPs)
             Began as a Demonspawn Gladiator on Dec 11, 2017.
             Slain by a bullfrog (3 damage)
             ... on level 2 of the Dungeon.
             The game lasted 00:02:37 (732 turns).

slep the Chopper (Demonspawn Gladiator)              Turns: 732, Time: 00:02:38

Health: 0/27       AC:  4    Str: 15    XL:     3   Next: 41%
Magic:  3/3        EV: 12    Int:  9    God:
Gold:   63         SH:  0    Dex: 14    Spells: 2/2 levels left

rFire    . . .     SeeInvis .   a - +0 war axe
rCold    + . .     Gourm    .   (no shield)
rNeg     . . .     Faith    .   b - +0 leather armour
rPois    .         Spirit   .   c - +0 helmet
rElec    .         Reflect  .   (no cloak)
rCorr    .         Harm     .   (no gloves)
MR       .....                  (no boots)
Stlth    +.........             i - amulet of inaccuracy (curse)
HPRegen  0.09/turn              (no ring)
MPRegen  0.08/turn              (no ring)

@: heavily drained
A: cold resistance 1, sturdy frame 1
a: no special abilities


You were on level 2 of the Dungeon.
You were not hungry.

You visited 1 branch of the dungeon, and saw 2 of its levels.

You collected 63 gold pieces.

Inventory:

Hand Weapons
 a - a +0 war axe (weapon)
Missiles
 d - 3 throwing nets (quivered)
Armour
 b - a +0 leather armour (worn)
 c - a +0 helmet (worn)
Jewellery
 i - a cursed amulet of inaccuracy (around neck)
Scrolls
 e - a scroll of identify {unknown}
 j - 2 scrolls of enchant armour {unknown}
 k - a scroll of remove curse {unknown}
Comestibles
 f - 4 bread rations
 h - a royal jelly


   Skills:
 + Level 2.2(0.9) Fighting
 + Level 3.4(2.1) Axes
 + Level 1.8(0.5) Throwing
 + Level 0.2(0.0) Armour
 + Level 3.1(1.8) Dodging


You had 2 spell levels left.
You didn't know any spells.

Dungeon Overview and Level Annotations

Branches:
Dungeon (2/15)

Altars:


Innate Abilities, Weirdness & Mutations

Your flesh is cold resistant. (rC+)
Your movements are slightly less encumbered by armour. (ER -2)


Message History

The bullfrog closely misses you.
The bullfrog hits you but does no damage.
You miss the bullfrog.
The bullfrog is heavily wounded.
The bullfrog misses you.
The bullfrog hits you but does no damage.
The bullfrog hits you.
You closely miss the bullfrog.
The bullfrog is heavily wounded.
The bullfrog closely misses you. The bullfrog hits you.
* * * LOW HITPOINT WARNING * * *
You barely miss the bullfrog.
The bullfrog is heavily wounded.
The bullfrog snags a nearby small bird with its tongue.
The bullfrog barely misses you. The bullfrog hits you.
* * * LOW HITPOINT WARNING * * *
You miss the bullfrog.
The bullfrog is heavily wounded.
The bullfrog closely misses you. The bullfrog hits you.
You die...

##########
#<....@..#
######F...#
#....#
#....#
#....#
#....#
#....#
#....#


You could see a bullfrog.

Vanquished Creatures
  2 oozes (D:1)
  3 dart slugs (D:1)
  4 bats (D:1)
  A giant cockroach (D:1)
  4 goblins (D:1)
  A hobgoblin (D:1)
  7 jackals (D:1)
  A ball python (D:1)
  4 frilled lizards (D:1)
  A kobold (D:1)
28 creatures vanquished.

Notes
Turn   | Place    | Note
-------+----------+-------------------------------------------
     0 | D:1      | slep the Demonspawn Gladiator began the quest for the Orb.
     0 | D:1      | Reached XP level 1. HP: 16/16 MP: 1/1
    86 | D:1      | Gained mutation: Your movements are slightly less encumbered by armour. (ER -2) [demonic ancestry]
    86 | D:1      | Reached XP level 2. HP: 11/22 MP: 2/2
   252 | D:1      | Gained mutation: Your flesh is cold resistant. (rC+) [demonic ancestry]
   252 | D:1      | Reached XP level 3. HP: 19/27 MP: 3/3
   717 | D:2      | Noticed a bullfrog
   732 | D:2      | Slain by a bullfrog

Vault maps used:
D:1:      dpeg_arrival_oval, minmay_split_cup_small
D:2:      minmay_misc_feat_secret_circle, nicolae_dithmenos_shadow_blocks,
          uniq_jessica

Skill      XL: |  1  2 |
---------------+-------+-----
Dodging        | 3 |  3.1
Axes           | 3 |  3.4
Fighting       | |  2.2
Throwing       | |  1.8
Armour         | |  0.2

Action                   || total
-------------------------++-------
Melee: War axe           ||   101
 Stab: Sleeping          ||     2
Armor: Leather armour    ||    36
Dodge: Dodged            ||   115

Table legend:
 A = Spawn XP
 B = Non-spawn XP
 C = Spawn XP percentage of total XP
 D = Spawn monster count
 E = Non-spawn monster count
 F = Spawn count percentage of total count
 G = Total turns spent on level
                    A         B        C        D         E        F      G
               +---------+---------+-------+---------+---------+-------+---------
         Total |       0 |      64 |   0.0 |       0 |      28 |   0.0 |   732
               +---------+---------+-------+---------+---------+-------+---------
           D:1 |       0 |      64 |   0.0 |       0 |      28 |   0.0 |   714
               +---------+---------+-------+---------+---------+-------+---------
